 Dungeon Crawl Stone Soup version 0.21-a0-538-gd16b88a (webtiles) character file.

1599 Firecrotchwizard the Charmwright (level 8, 0/57 HPs)
             Began as a Gnoll Skald on Dec 16, 2017.
             Was an Initiate of Hepliaklqana.
             Slain by an orc warrior
             ... wielding a cursed -2 battleaxe
              (11 damage)
             ... on level 6 of the Dungeon.
             The game lasted 00:11:57 (6341 turns).

Firecrotchwizard the Charmwright (Gnoll Skald)      Turns: 6341, Time: 00:11:58

Health: 0/57       AC:  9    Str: 13    XL:     8   Next: 94%
Magic:  13/17      EV: 14    Int: 16    God:    Hepliaklqana [......]
Gold:   282        SH:  0    Dex: 17    Spells: 10/19 levels left

rFire    . . .     SeeInvis .   s - +1 flail
rCold    + . .     Gourm    .   (no shield)
rNeg     . . .     Faith    .   n - +0 ring mail
rPois    .         Spirit   .   g - +0 helmet
rElec    .         Reflect  .   (no cloak)
rCorr    .         Harm     .   m - +1 pair of gloves
MR       .....                  (no boots)
Stlth    ++........             (no amulet)
HPRegen  0.19/turn              x - ring of protection from cold {rC+, !d}
MPRegen  0.15/turn              (no ring)

@: infused
A: distributed training, reduced essence, fangs 1, strong nose
a: Recall Ancestor, Ancestor Identity, Renounce Religion


You were on level 6 of the Dungeon.
You worshipped Hepliaklqana.
Hepliaklqana was noncommittal.
You were not hungry.

You visited 1 branch of the dungeon, and saw 6 of its levels.

You collected 282 gold pieces.

Inventory:

Hand Weapons
 s - a +1 flail (weapon)
   (You took it off a gnoll on level 4 of the Dungeon)
Armour
 b - a +0 leather armour
 g - a +0 helmet (worn)
   (You found it on level 1 of the Dungeon)
 m - a +1 pair of gloves (worn)
   (You found it on level 4 of the Dungeon)
 n - a +0 ring mail (worn)
   (You found it on level 2 of the Dungeon)
Jewellery
 x - a ring of protection from cold (left hand) {rC+, !d}
   (You found it on level 4 of the Dungeon)
Scrolls
 f - 4 scrolls of teleportation
 i - 3 scrolls of remove curse
 l - 8 scrolls of identify
Potions
 j - a potion of invisibility {unknown}
 k - a potion of heal wounds {unknown}
 p - a potion of might
 u - a potion of haste {unknown}
 v - 2 potions of agility
Books
 c - a book of Battle
 t - a book of Misfortune
   (You found it on level 4 of the Dungeon)
Comestibles
 d - 7 bread rations {@e1}
 h - 4 royal jellies
 o - 2 meat rations {@e2}
 r - 2 fruits


   Skills:
 + Level 5.9 Fighting
 + Level 3.6 Short Blades
 + Level 3.6 Long Blades
 + Level 3.6 Axes
 + Level 5.9 Maces & Flails
 + Level 3.6 Polearms
 + Level 3.6 Staves
 + Level 3.6 Slings
 + Level 3.6 Bows
 + Level 3.6 Crossbows
 + Level 3.6 Throwing
 + Level 4.5 Armour
 + Level 5.9 Dodging
 + Level 3.6 Stealth
 + Level 3.6 Shields
 + Level 3.6 Unarmed Combat
 + Level 6.2 Spellcasting
 + Level 3.0 Conjurations
 + Level 3.0 Hexes
 + Level 6.3 Charms
 + Level 3.0 Summonings
 + Level 3.0 Necromancy
 + Level 3.0 Translocations
 + Level 3.0 Transmutations
 + Level 3.0 Fire Magic
 + Level 3.0 Ice Magic
 + Level 3.0 Air Magic
 + Level 3.0 Earth Magic
 + Level 3.0 Poison Magic
 + Level 4.0 Invocations
 + Level 3.6 Evocations


You had 10 spell levels left.
You knew the following spells:

 Your Spells              Type           Power        Failure   Level  Hunger
a - Infusion              Chrm           ####         1%          1    None
r - Regeneration          Chrm/Necr      ###.......   12%         3    ##.....
s - Shroud of Golubria    Chrm/Tloc      ###.......   6%          2    None
z - Spectral Weapon       Hex/Chrm       ###.....     12%         3    ##.....


Dungeon Overview and Level Annotations

Branches:
Dungeon (6/15)
 Temple: D:4-7

Altars:
Hepliaklqana
Nemelex Xobeh


Innate Abilities, Weirdness & Mutations

Your experience applies equally to all skills.
You have very sharp teeth.
Your uncanny sense of smell can sniff out nearby items.
Your life essence is reduced to manifest your ancestor. (-10% HP)


Message History

You start resting.
You hear a distant blaring wail to the northeast.
Some of the chunks of flesh in your inventory have rotted away.
Your spectral weapon fades away.
Eating one of 8 chunks of flesh {@w0}.
You eat one of the 8 chunks of flesh {@w0}.
Some of the chunks of flesh in your inventory have rotted away. x2
All of the chunks of flesh in your inventory have rotted away.
A scorpion comes into view.
You regained 37 hp, and now have 48/57 hp.
MP restored: 17 A scorpion is nearby!
You swap places.
You swap places.
The scorpion barely misses Sextus.
The scorpion closely misses you.
You sock the scorpion!
You bite the scorpion, but do no damage.
Sextus hits the scorpion.
The scorpion barely misses you.
You closely miss the scorpion.
Sextus barely misses the scorpion.
The scorpion closely misses you.
You hit the scorpion.
You kill the scorpion!
Your Invocations skill increases to level 4!
The orc shouts!
You hear a shout! x2
The orc is too close now for your liking.
The orc wizard shouts!
You thump the orc!
You kill the orc!
Your Conjurations skill increases to level 3!
Your Hexes skill increases to level 3!
Your Summonings skill increases to level 3!
Your Necromancy skill increases to level 3!
Your Translocations skill increases to level 3!
Your Transmutations skill increases to level 3!
Your Fire Magic skill increases to level 3!
Your Ice Magic skill increases to level 3!
Your Air Magic skill increases to level 3!
Your Earth Magic skill increases to level 3!
Your Poison Magic skill increases to level 3!
The orc warrior shouts!
Things that are here:
a mace; an orc corpse The orc wizard casts a spell.
The orc wizard flickers and vanishes!
Deactivating autopickup; reactivate with Ctrl-A.
Space distorts slightly along a thin shroud covering your body.
Something hits Sextus but does no damage.
You now have 15/17 mp.
You begin infusing your attacks with magical energy.
Sextus hits something but does no damage.
Something hits Sextus.
You now have 14/17 mp.
Sextus completely misses something.
Something barely misses you. The orc warrior closely misses you.
You closely miss something.
Sextus hits something but does no damage.
You hear some strange, mumbled words.
A puff of flame appears from out of thin air!
The puff of flame misses you.
The orc warrior hits you with a scimitar!
Your shroud falls apart!
The orc throws a stone.
The stone completely misses you.
Sextus hits something.
You take 15 damage, and have 39/57 hp.
MASSIVE DAMAGE!!
You closely miss something. Your bite misses something.
Something hits you but does no damage.
The orc throws a stone.
The stone closely misses you.
Sextus barely misses something.
You miss something. The orc warrior barely misses you.
Something hits you but does no damage.
The orc throws a stone.
The stone barely misses you.
Sextus hits something.
You hit something.
The orc warrior hits you with a scimitar.
You hear some strange, mumbled words.
A magic dart appears from out of thin air!
The magic dart hits you!
Sextus misses something.
You take 14 damage, and have 25/57 hp.
MASSIVE DAMAGE!!
You hit something!
Reactivating autopickup.
You feel a bit more experienced.
The orc warrior hits you but does no damage.
Sextus hits the orc warrior.
You now have 13/17 mp.
You hit the orc warrior.
The orc warrior hits you with a scimitar.
Sextus hits the orc warrior.
The orc throws a stone.
The stone hits you but does no damage.
You take 3 damage, and have 23/57 hp.
You barely miss the orc warrior. Your punch misses the orc warrior.
Sextus barely misses the orc warrior.
The orc warrior closely misses you.
The orc warrior hits you with an enchanted battleaxe!
* * * LOW HITPOINT WARNING * * *
The orc warrior hits Sextus with an enchanted battleaxe!
You take 12 damage, and have 11/57 hp.
MASSIVE DAMAGE!!
You hit the orc warrior.
You bite the orc warrior, but do no damage.
Sextus barely misses the orc warrior.
The orc warrior barely misses Sextus.
The orc warrior hits you with an enchanted battleaxe!
You die...

..#####....##..........#
.................##o..#
...............)##....####
#...#.#...............#
#...._.........##รท###...
#..[#.#..###..##..###### ..
#......o......##......#
..###.....oo..###.#..####...
..........R@#.###...## .
....#.....(.#..##..##
.<.......)..##.##..#
#.....!....##..#..##
####..#..#######.....#
#......#.#######.....#
#......#.............#
#......########......#
#.......# ##.....##


You could see the friendly Sextus the ancestor, 2 orc warriors and an orc.

Vanquished Creatures
  The ghost of zazu2006 the Sneak, a novice VSEn (D:6)
  2 sky beasts (D:5)
  A centaur (D:5)
  2 ogres (D:6)
  3 bullfrogs
  3 scorpions
  A crimson imp (D:6)
  A jelly (D:5)
  A centaur zombie (D:6)
  2 hounds
  An orc priest (D:3)
  2 worker ants
  3 orc wizards
  A hound skeleton (D:6)
  3 gnolls (D:4)
  5 adders
  A shadow imp (D:6)
  3 oozes
  An adder zombie (D:5)
  A worm (D:5)
  5 dart slugs
  4 leopard geckos
  20 orcs
  A ball python (D:3)
  4 giant cockroaches
  8 hobgoblins
  11 jackals
  6 kobolds
  2 quokkas (D:2)
  9 bats
  2 frilled lizards
  A jackal skeleton (D:4)
  A leopard gecko skeleton (D:4)
  7 rats
119 creatures vanquished.

Notes
Turn   | Place    | Note
-------+----------+-------------------------------------------
     0 | D:1      | Firecrotchwizard the Gnoll Skald began the quest for the Orb.
     0 | D:1      | Reached XP level 1. HP: 20/20 MP: 6/6
   240 | D:1      | Reached XP level 2. HP: 13/26 MP: 2/7
   397 | D:1      | Learned a level 2 spell: Shroud of Golubria
   719 | D:1      | Reached XP level 3. HP: 26/31 MP: 2/9
   873 | D:1      | Reached skill level 5 in Spellcasting
  1864 | D:2      | Reached skill level 1 in Invocations
  2036 | D:2      | Reached skill level 1 in Short Blades
  2036 | D:2      | Reached skill level 1 in Long Blades
  2036 | D:2      | Reached skill level 1 in Axes
  2036 | D:2      | Reached skill level 1 in Polearms
  2036 | D:2      | Reached skill level 1 in Staves
  2036 | D:2      | Reached skill level 1 in Slings
  2036 | D:2      | Reached skill level 1 in Bows
  2036 | D:2      | Reached skill level 1 in Crossbows
  2036 | D:2      | Reached skill level 1 in Throwing
  2036 | D:2      | Reached skill level 1 in Stealth
  2036 | D:2      | Reached skill level 1 in Shields
  2036 | D:2      | Reached skill level 1 in Unarmed Combat
  2036 | D:2      | Reached skill level 1 in Evocations
  2036 | D:2      | Reached XP level 4. HP: 38/38 MP: 4/11
  2485 | D:3      | Reached skill level 1 in Conjurations
  2485 | D:3      | Reached skill level 1 in Hexes
  2485 | D:3      | Reached skill level 1 in Summonings
  2485 | D:3      | Reached skill level 1 in Necromancy
  2485 | D:3      | Reached skill level 1 in Translocations
  2485 | D:3      | Reached skill level 1 in Transmutations
  2485 | D:3      | Reached skill level 1 in Fire Magic
  2485 | D:3      | Reached skill level 1 in Ice Magic
  2485 | D:3      | Reached skill level 1 in Air Magic
  2485 | D:3      | Reached skill level 1 in Earth Magic
  2485 | D:3      | Reached skill level 1 in Poison Magic
  2594 | D:3      | Reached XP level 5. HP: 39/43 MP: 12/12
  2644 | D:3      | Learned a level 3 spell: Regeneration
  2648 | D:3      | Learned a level 3 spell: Spectral Weapon
  2991 | D:3      | Noticed an ogre
  3283 | D:4      | Reached skill level 3 in Armour
  3711 | D:4      | Reached XP level 6. HP: 50/50 MP: 13/13
  4009 | D:4      | Reached skill level 2 in Invocations
  4112 | D:5      | Entered Level 5 of the Dungeon
  4252 | D:5      | Reached skill level 5 in Fighting
  4252 | D:5      | Reached skill level 2 in Short Blades
  4252 | D:5      | Reached skill level 2 in Long Blades
  4252 | D:5      | Reached skill level 2 in Axes
  4252 | D:5      | Reached skill level 5 in Maces & Flails
  4252 | D:5      | Reached skill level 2 in Polearms
  4252 | D:5      | Reached skill level 2 in Staves
  4252 | D:5      | Reached skill level 2 in Slings
  4252 | D:5      | Reached skill level 2 in Bows
  4252 | D:5      | Reached skill level 2 in Crossbows
  4252 | D:5      | Reached skill level 2 in Throwing
  4252 | D:5      | Reached skill level 5 in Dodging
  4252 | D:5      | Reached skill level 2 in Stealth
  4252 | D:5      | Reached skill level 2 in Shields
  4252 | D:5      | Reached skill level 2 in Unarmed Combat
  4252 | D:5      | Reached skill level 2 in Evocations
  4621 | D:5      | Noticed a sky beast
  4632 | D:5      | Killed a sky beast
  4632 | D:5      | Reached XP level 7. HP: 36/56 MP: 6/15
  4936 | D:5      | Reached skill level 2 in Conjurations
  4936 | D:5      | Reached skill level 2 in Hexes
  4936 | D:5      | Reached skill level 2 in Summonings
  4936 | D:5      | Reached skill level 2 in Necromancy
  4936 | D:5      | Reached skill level 2 in Translocations
  4936 | D:5      | Reached skill level 2 in Transmutations
  4936 | D:5      | Reached skill level 2 in Fire Magic
  4936 | D:5      | Reached skill level 2 in Ice Magic
  4936 | D:5      | Reached skill level 2 in Air Magic
  4936 | D:5      | Reached skill level 2 in Earth Magic
  4936 | D:5      | Reached skill level 2 in Poison Magic
  5105 | D:5      | Found a sparkling altar of Nemelex Xobeh.
  5598 | D:5      | HP: 12/56 [bullfrog (4)]
  5601 | D:5      | Reached skill level 3 in Invocations
  5817 | D:6      | Reached skill level 6 in Charms
  5817 | D:6      | Reached XP level 8. HP: 56/63 MP: 7/16
  5889 | D:6      | Reached skill level 4 in Armour
  5896 | D:6      | Reached skill level 3 in Short Blades
  5896 | D:6      | Reached skill level 3 in Long Blades
  5896 | D:6      | Reached skill level 3 in Axes
  5896 | D:6      | Reached skill level 3 in Polearms
  5896 | D:6      | Reached skill level 3 in Staves
  5896 | D:6      | Reached skill level 3 in Slings
  5896 | D:6      | Reached skill level 3 in Bows
  5896 | D:6      | Reached skill level 3 in Crossbows
  5896 | D:6      | Reached skill level 3 in Throwing
  5896 | D:6      | Reached skill level 3 in Stealth
  5896 | D:6      | Reached skill level 3 in Shields
  5896 | D:6      | Reached skill level 3 in Unarmed Combat
  5896 | D:6      | Reached skill level 3 in Evocations
  5970 | D:6      | Noticed zazu2006's ghost (novice VSEn)
  5985 | D:6      | Found a hazy altar of Hepliaklqana.
  5988 | D:6      | HP: 6/63 [zazu2006's ghost (13)]
  5993 | D:6      | HP: 5/63 [zazu2006's ghost (1)]
  5998 | D:6      | Killed zazu2006's ghost
  5998 | D:6      | Reached skill level 6 in Spellcasting
  6000 | D:6      | HP: 2/64 [hound skeleton (4)]
  6056 | D:6      | Became a worshipper of Hepliaklqana the Forgotten
  6057 | D:6      | HP: 13/57 [centaur zombie (1)]
  6070 | D:6      | HP: 4/57 [shadow imp/nerve-wracking pain (8)]
  6317 | D:6      | Reached skill level 4 in Invocations
  6328 | D:6      | Reached skill level 3 in Conjurations
  6328 | D:6      | Reached skill level 3 in Hexes
  6328 | D:6      | Reached skill level 3 in Summonings
  6328 | D:6      | Reached skill level 3 in Necromancy
  6328 | D:6      | Reached skill level 3 in Translocations
  6328 | D:6      | Reached skill level 3 in Transmutations
  6328 | D:6      | Reached skill level 3 in Fire Magic
  6328 | D:6      | Reached skill level 3 in Ice Magic
  6328 | D:6      | Reached skill level 3 in Air Magic
  6328 | D:6      | Reached skill level 3 in Earth Magic
  6328 | D:6      | Reached skill level 3 in Poison Magic
  6340 | D:6      | HP: 11/57 [orc warrior/enchanted battleaxe (12)]
  6341 | D:6      | Slain by an orc warrior

Vault maps used:
D:1:      dpeg_arrival_leaves_temple_mockup, serial_curves, eino_curves_01,
          eino_curves_01, eino_curves_01, eino_curves_03
D:3:      first_bread, roderic_lattice_a
D:5:      nemelex_lonely_heart_becter
D:6:      lemuel_crystal_altar, minmay_temple_entry_mist

Skill      XL: |  1  2  3  4  5  6  7  8 |
---------------+-------------------------+-----
Spellcasting   | 5 6 |  6.2
Invocations    | 1 2 3 4 |  4.0
Short Blades   | 1 2 3 |  3.6
Long Blades    | 1 2 3 |  3.6
Axes           | 1 2 3 |  3.6
Polearms       | 1 2 3 |  3.6
Staves         | 1 2 3 |  3.6
Slings         | 1 2 3 |  3.6
Bows           | 1 2 3 |  3.6
Crossbows      | 1 2 3 |  3.6
Throwing       | 1 2 3 |  3.6
Stealth        | 1 2 3 |  3.6
Shields        | 1 2 3 |  3.6
Unarmed Combat | 1 2 3 |  3.6
Evocations     | 1 2 3 |  3.6
Conjurations   | 1 2 3 |  3.0
Hexes          | 1 2 3 |  3.0
Summonings     | 1 2 3 |  3.0
Necromancy     | 1 2 3 |  3.0
Translocations | 1 2 3 |  3.0
Transmutations | 1 2 3 |  3.0
Fire Magic     | 1 2 3 |  3.0
Ice Magic      | 1 2 3 |  3.0
Air Magic      | 1 2 3 |  3.0
Earth Magic    | 1 2 3 |  3.0
Poison Magic   | 1 2 3 |  3.0
Armour         | 3 4 |  4.5
Fighting       | 5 |  5.9
Maces & Flails | 5 |  5.9
Dodging        | 5 |  5.9
Charms         | 6 |  6.3

Action                   |  1- 3 |  4- 6 |  7- 9 || total
-------------------------+-------+-------+-------++-------
Melee: Mace              |   114 |    86 |       ||   200
       Bite              |     8 |    21 |    17 ||    46
       Punch             |       |     1 |       ||     1
       Flail             |       |   121 |   120 ||   241
 Cast: Infusion          |     5 |     8 |     8 ||    21
       Shroud of Golubri |     3 |     8 |     9 ||    20
       Spectral Weapon   |       |     1 |     5 ||     6
  Use: Scroll            |       |       |     8 ||     8
       Potion            |       |       |     3 ||     3
 Stab: Distracted        |       |       |     2 ||     2
  Eat: Chunk             |     4 |     8 |     5 ||    17
       Fruit             |       |       |     2 ||     2
Armor: Leather armour    |    24 |       |       ||    24
       Ring mail         |     7 |    87 |    63 ||   157
Dodge: Dodged            |   104 |   152 |   118 ||   374

Table legend:
 A = Spawn XP
 B = Non-spawn XP
 C = Spawn XP percentage of total XP
 D = Spawn monster count
 E = Non-spawn monster count
 F = Spawn count percentage of total count
 G = Total turns spent on level
                    A         B        C        D         E        F      G
               +---------+---------+-------+---------+---------+-------+---------
         Total |       0 |    2285 |   0.0 |       0 |     119 |   0.0 |  6341
               +---------+---------+-------+---------+---------+-------+---------
           D:1 |       0 |      50 |   0.0 |       0 |      23 |   0.0 |  1439
           D:2 |       0 |      36 |   0.0 |       0 |      14 |   0.0 |   884
           D:3 |       0 |      84 |   0.0 |       0 |      18 |   0.0 |   678
           D:4 |       0 |     179 |   0.0 |       0 |      20 |   0.0 |  1296
           D:5 |       0 |     811 |   0.0 |       0 |      23 |   0.0 |  1509
           D:6 |       0 |    1125 |   0.0 |       0 |      21 |   0.0 |   535
               +---------+---------+-------+---------+---------+-------+---------

Vault maps used:
D:1:      dpeg_arrival_leaves_temple_mockup, serial_curves, eino_curves_01,
          eino_curves_01, eino_curves_01, eino_curves_03
D:3:      first_bread, roderic_lattice_a
D:5:      nemelex_lonely_heart_becter
D:6:      lemuel_crystal_altar, minmay_temple_entry_mist

Table legend:
 A = Turns spent in this place as a percentage of turns spent in the entire game.
 B = Non-inter-level travel turns spent in this place as a percentage of non-inter-level travel turns spent in the entire game.
 C = Inter-level travel turns spent in this place as a percentage of turns spent in this place.
 D = Turns resting spent in this place as a percentage of non-inter-level travel turns spent in this place.
 E = Turns spent auto-exploring this place as a percentage of non-inter-level travel turns spent in this place.
 F = Non-inter-level travel turns spent in this place divided by the number of levels of this place that you've seen.
                   A       B       C       D       E      F
               +-------+-------+-------+-------+-------+----------------------
         Total | 100.0 | 100.0 |   2.1 |  36.1 |  48.3 | 1034.2
       Dungeon | 100.0 | 100.0 |   2.1 |  36.1 |  48.3 | 1034.2
               +-------+-------+-------+-------+-------+----------------------

Table legend:
 A = Kills in this place as a percentage of kills in entire the game.
 B = Kills by you in this place as a percentage of kills by you in the entire game.
 C = Kills by friends in this place as a percentage of kills by friends in the entire game.
 D = Other kills in this place as a percentage of other kills in the entire game.
 E = Experience gained in this place as a percentage of experience gained in the entire game.
 F = Experience gained in this place divided by the number of levels of this place that you have seen.
                   A       B       C       D       E      F
               +-------+-------+-------+-------+-------+----------------------
         Total | 100.0 | 100.0 |   N/A |   N/A | 100.0 | 380.8
       Dungeon | 100.0 | 100.0 |   N/A |   N/A | 100.0 | 380.8
               +-------+-------+-------+-------+-------+----------------------
